 Dungeon Crawl Stone Soup version 0.18.1-48-g4cf74bf (webtiles) character file.

152 varam the Caller (level 5, 35/35 HPs)
             Began as a Mummy Summoner on July 10, 2016.
             Was an Initiate of Gozag.
             Quit the game on level 3 of the Dungeon on Aug 30, 2016.
             The game lasted 00:15:17 (4701 turns).

varam the Caller (Mummy Summoner)                   Turns: 4701, Time: 00:15:18

Health: 35/35      AC:  3    Str: 11    XL:     5   Next: 11%
Magic:  11/11      EV: 12    Int: 16    God:    Gozag
Gold:   298        SH:  0    Dex: 12    Spells: 3 memorised, 5 levels left

rFire  x . .     SeeInvis .     k - +2 mace (crush)
rCold  + . .     Gourm    .     a - +0 robe
rNeg   + + +     Faith    .     (no shield)
rPois  ∞         Spirit   .     (no helmet)
rElec  .         Dismiss  .     l - +0 cloak
rCorr  .         Reflect  .     (no gloves)
SustAt .         Harm     .     (no boots)
MR     .....                    (no amulet)
Stlth  ++........               (no ring)
                                (no ring)

@: not resistant to hostile enchantments, unstealthy
A: no food or potions, fire vulnerability, cold resistance 1, negative energy
resistance 3, torment resistance, unbreathing
a: Potion Petition, Call Merchant, Bribe Branch, Renounce Religion


You were on level 3 of the Dungeon.
You worshipped Gozag.
Gozag was noncommittal.
You were not hungry.

You visited 1 branch of the dungeon, and saw 3 of its levels.

You collected 316 gold pieces.
You paid 18 gold pieces to Gozag.

Inventory:

Hand Weapons
 d - a +0 dagger
 e - a +0 short sword
 k - a +2 mace of crushing (weapon)
Missiles
 c - 208 stones (quivered)
Armour
 a - a +0 robe (worn)
 l - a +0 cloak (worn)
Jewellery
 m - a +2 ring of dexterity {unknown}
Scrolls
 f - 2 scrolls of enchant weapon {unknown}
 g - 2 scrolls of identify {unknown}
 h - 2 scrolls of remove curse {unknown}
 i - 2 scrolls of blinking {unknown}
 j - a scroll of noise {unknown}
Books
 b - a book of Callings

   Spells                             Type                      Level
   a - Summon Small Mammal            Summoning                    1
   b - Call Imp                       Summoning                    2
   c - Call Canine Familiar           Summoning                    3
   d - Summon Guardian Golem          Hexes/Summoning              3
   e - Summon Lightning Spire         Summoning/Air                4
   f - Summon Ice Beast               Ice/Summoning                4


   Skills:
 - Level 1.5 Dodging
 - Level 1.5 Stealth
 * Level 4.1 Spellcasting
 + Level 4.1 Summonings
 + Level 0.0 Ice Magic


You had 5 spell levels left.
You knew the following spells:

 Your Spells              Type           Power        Failure   Level  Hunger
a - Call Imp              Summ           ###.....     6%          2    N/A
b - Summon Small Mammal   Summ           ###.         3%          1    N/A
c - Summon Ice Beast      Ice/Summ       #.......     75%         4    N/A

Dungeon Overview and Level Annotations

Branches:
Dungeon (3/15)

Altars:
Cheibriados
Elyvilon
Gozag
Trog
Yredelemnul
Zin


Innate Abilities, Weirdness & Mutations

You do not eat or drink.
Your flesh is vulnerable to fire.
You are immune to poison.
Your flesh is cold resistant.
You are immune to negative energy.
You are immune to unholy pain and torment.
You can survive without breathing.


Message History

Cast which spell? (? or * to list)
Okay, then.
You now have 298 gold pieces (gained 3).
Search for what [? for help]?
Okay, then.
Saving game... please wait.
Welcome back, varam the Mummy Summoner.
Gozag says: Greed is good.
Press ? for a list of commands and other information. (m)acro, (M)acro raw, keymap [(k) default, (x) level-map, (t)argeting, (c)onfirm, m(e)nu], (s)ave?
Aborting.
Clearing level map.
Saving game... please wait.
Welcome back, varam the Mummy Summoner.
Gozag says: Greed is good.
Press ? for a list of commands and other information.
Clearing level map. (m)acro, (M)acro raw, keymap [(k) default, (x) level-map, (t)argeting, (c)onfirm, m(e)nu], (s)ave?
Aborting.
Are you sure you want to abandon this character and quit the game? (Confirm with "yes".)

#.############# #.#
###### ######)####
###..... #.........#
#.......
###.........###.......
.......>.............
.#.........#.........
# ##........#.........
#. #.@......#.........
#.##....#####.........
#......## #.........
#......# ########..
#......# #. #......#
#. #.....### #####.
#.....# #..... #.....#
#....#


There were no monsters in sight!

Vanquished Creatures
  A gnoll (D:3)
  2 adders (D:3)
  An ooze (D:3)
  2 worms (D:3)
  2 dart slugs (D:2)
  A ball python (D:1)
  5 bats
  4 giant cockroaches
  2 goblins
  2 hobgoblins
  3 jackals (D:2)
  5 giant newts
  10 kobolds
  4 rats
44 creatures vanquished.

Vanquished Creatures (collateral kills)
  A hound (D:2)
  2 gnolls (D:3)
  2 adders
  An ooze (D:2)
  5 worms
  3 dart slugs
  An orc (D:3)
  A ball python (D:1)
  7 bats
  A giant cockroach (D:1)
  2 goblins (D:2)
  4 hobgoblins
  A jackal (D:2)
  2 quokkas (D:2)
  2 giant newts
  5 kobolds
  2 rats
42 creatures vanquished.

Grand Total: 86 creatures vanquished

Notes
Turn   | Place    | Note
--------------------------------------------------------------
     0 | D:1      | varam the Mummy Summoner began the quest for the Orb.
     0 | D:1      | Reached XP level 1. HP: 13/13 MP: 3/3
     2 | D:1      | Noticed a felid
     4 | D:1      | Noticed a minotaur
     6 | D:1      | Noticed an elf
     6 | D:1      | Noticed a halfling
     8 | D:1      | Noticed a vine stalker
     8 | D:1      | Noticed a dwarf
    10 | D:1      | Noticed a vampire
    10 | D:1      | Noticed a gargoyle
    12 | D:1      | Noticed a human
    14 | D:1      | Noticed a tengu
    14 | D:1      | Noticed a spriggan
    16 | D:1      | Noticed a centaur
    16 | D:1      | Noticed a ghoul
    18 | D:1      | Noticed a demigod
    18 | D:1      | Noticed a formicid
    20 | D:1      | Noticed an ogre
    20 | D:1      | Noticed a draconian
    22 | D:1      | Noticed an octopode
    22 | D:1      | Noticed a merfolk
    24 | D:1      | Noticed a demonspawn
    26 | D:1      | Noticed a troll
    26 | D:1      | Noticed a naga
   352 | D:1      | Reached XP level 2. HP: 11/19 MP: 1/5
   575 | D:1      | Learned a level 2 spell: Call Imp
  1459 | D:1      | Reached XP level 3. HP: 21/24 MP: 4/7
  2494 | D:2      | Found a basalt altar of Yredelemnul.
  2494 | D:2      | Found a bloodstained altar of Trog.
  2494 | D:2      | Found a white marble altar of Elyvilon.
  2504 | D:2      | Found an opulent altar of Gozag.
  2509 | D:2      | Found a snail-covered altar of Cheibriados.
  2539 | D:2      | Became a worshipper of Gozag Ym Sagoz the Greedy
  2781 | D:2      | Found a glowing silver altar of Zin.
  2839 | D:2      | Reached XP level 4. HP: 7/30 MP: 5/9
  4375 | D:3      | Reached XP level 5. HP: 35/35 MP: 7/10
  4381 | D:3      | Learned a level 4 spell: Summon Ice Beast
  4701 | D:3      | Quit the game

Skill      XL: |  1  2  3  4  5 |
---------------+----------------+-----
Spellcasting   | 3 4 |  4.1
Summonings     | 4 |  4.1
Dodging        | |  1.5
Stealth        | |  1.5

Action                   |  1- 3 |  4- 6 || total
-------------------------+-------+-------++-------
Melee: Short sword       |   105 |    34 ||   139
       Unarmed           |     7 |       ||     7
       Dagger            |     2 |       ||     2
       Mace              |       |    34 ||    34
 Cast: Summon Small Mamm |    13 |       ||    13
       Call Imp          |    24 |    20 ||    44
 Stab: Distracted        |       |     2 ||     2
       Sleeping          |       |     1 ||     1
Armor: Robe              |    30 |     7 ||    37
Dodge: Dodged            |   110 |    48 ||   158
